 Dungeon Crawl Stone Soup version 0.18-a0-1773-gec4f98e (webtiles) character file.

20 Gottschkopf the Ruffian (level 2, -1/23 HPs)
             Began as a Draconian Transmuter on Apr 14, 2016.
             Slain by Terence
             ... wielding a +0 mace of protection
              (5 damage)
             ... on level 2 of the Dungeon.
             The game lasted 00:01:58 (761 turns).

Gottschkopf the Ruffian (Draconian Transmuter)       Turns: 761, Time: 00:01:59

Health: -1/23      AC:  4    Str: 12    XL:     2   Next: 58%
Magic:  0/5        EV: 12    Int: 13    God:
Gold:   42         SH:  0    Dex: 11    Spells: 2 memorised, 2 levels left

rFire  . . .     SeeInvis .       - Unarmed
rCold  . . .     Gourm    .     (armour unavailable)
rNeg   . . .     Faith    .     (no shield)
rPois  .         Spirit   .     (helmet restricted)
rElec  .         Dismiss  .     (no cloak)
rCorr  .         Reflect  .     (no gloves)
SustAt .         Harm     .     (boots currently unavailable)
MR     .....                    (no amulet)
Stlth  +.........               (no ring)
                                (no ring)

@: appendage, not resistant to hostile enchantments, very unstealthy
A: unfitting armour, talons 3, cold-blooded, AC +4
a: End Transformation


You were on level 2 of the Dungeon.
You were not hungry.
You had grown temporary talons.
You visited 1 branch of the dungeon, and saw 2 of its levels.

You collected 42 gold pieces.

Inventory:

Missiles
 a - 24 arrows
Scrolls
 f - a scroll of immolation {unknown}
 g - a scroll of remove curse {unknown}
 j - a scroll of identify {unknown}
Potions
 e - a potion of beneficial mutation {unknown}
Books
 b - a book of Changes

   Spells                             Type                      Level
   a - Beastly Appendage              Transmutation                1
   b - Sticks to Snakes               Transmutation                2
   c - Spider Form                    Transmutation/Poison         3
   d - Ice Form                       Ice/Transmutation            4
   e - Blade Hands                    Transmutation                5
Comestibles
 c - a bread ration
 d - 2 beef jerkies
 i - a meat ration


   Skills:
 - Level 1.1 Fighting
 - Level 1.7 Dodging
 * Level 4.0 Unarmed Combat
 - Level 2.0 Spellcasting
 - Level 2.0 Transmutations


You had 2 spell levels left.
You knew the following spells:

 Your Spells              Type           Power        Failure   Level  Hunger
a - Beastly Appendage     Trmt           #.....       12%         1    ##.....
b - Sticks to Snakes      Trmt           #.......     17%         2    ###....


Dungeon Overview and Level Annotations

Branches:
Dungeon (2/15)

Altars:

Annotations:
D:2 Terence


Innate Abilities, Weirdness & Mutations

Your plain brown scales are hard (AC +4).
Your body does not fit into most forms of armour.
You are cold-blooded and may be slowed by cold attacks.
You have claws for feet.


Message History

Your talons disappear.
Terence looks more healthy.
Your adder bites Terence but does no damage.
Your adder closely misses Terence.
You hit Terence but do no damage.
Terence is heavily wounded.
Your adder bites Terence but does no damage.
Terence hits you with a mace of protection.
* * * LOW HITPOINT WARNING * * *
Your adder barely misses Terence.
Your adder bites Terence but does no damage.
Casting: Sticks to Snakes
Confirm with . or Enter, or press ? or * to list all spells.
Your feet morph into talons.
Your adder closely misses Terence.
Terence misses you.
Your adder bites Terence.
You barely miss Terence. Your kick misses Terence.
Terence is severely wounded.
Your adder bites Terence but does no damage. x2
Terence hits you with a mace of protection.
You die...

#.###.##
###.###.##########.#
...................#
###.########.#####.#
#.# #.# ##.# #.# #.#
...# #.# #.# ...#
#.###S..####
#..@@S.!....
#####...##.. ...#
@..# ...# ...# ...#
....


You could see Terence and 2 friendly adders.

Vanquished Creatures
  A dart slug (D:1)
  A giant gecko (D:1)
  A bat (D:1)
  A goblin (D:1)
  3 hobgoblins
  6 kobolds (D:1)
  5 rats (D:1)
18 creatures vanquished.

Notes
Turn   | Place    | Note
--------------------------------------------------------------
     0 | D:1      | Gottschkopf the Draconian Transmuter began the quest for the Orb.
     0 | D:1      | Reached XP level 1. HP: 16/16 MP: 3/3
   275 | D:1      | Reached XP level 2. HP: 22/23 MP: 5/5
   279 | D:1      | Learned a level 2 spell: Sticks to Snakes
   736 | D:2      | Noticed Terence
   744 | D:2      | Reached skill level 4 in Unarmed Combat
   761 | D:2      | Slain by Terence

Vault maps used:
D:1:      lightli_arrival_maybe_door_vault
D:2:      first_bread, johnstein_pakellas_shop, uniq_terence

Skill      XL: |  1  2 |
---------------+-------+-----
Unarmed Combat | 4 |  4.0
Fighting       | |  1.1
Dodging        | |  1.7
Spellcasting   | |  2.0
Transmutations | |  2.0

Action                   || total
-------------------------++-------
Melee: Unarmed           ||    63
       Tailslap          ||     8
       Kick              ||     1
 Cast: Sticks to Snakes  ||     2
       Beastly Appendage ||     2
 Stab: Sleeping          ||     1
Armor: Skin              ||    14
Dodge: Dodged            ||    34
